 Dungeon Crawl Stone Soup version 0.30.1-6-gbe392663c4 (webtiles) character file.

Game seed: 2329073573898891783

611408 Peloso the Minotaur Barricade (level 26, -3/266 HPs)
             Began as a Minotaur Fighter on Sept 20, 2023.
             Was the Champion of Okawaru.
             Killed from afar by a quicksilver dragon (25 damage)
             ... with a bolt of dispelling energy
             ... on level 4 of the Realm of Zot on Sept 21, 2023.
             The game lasted 03:48:14 (68122 turns).

Peloso the Minotaur Barricade (Minotaur Fighter)   Turns: 68122, Time: 03:48:14

Health: -3/266     AC: 52    Str: 32 (35) XL:     26   Next: 25%
Magic:  30/30      EV: 13    Int:  4 (6)  God:    Okawaru [******]
Gold:   5614       SH: 31    Dex: 17 (21) Spells: 25/25 levels left

rFire   + + .        a - +9 double sword (heavy)
rCold   . . .        d - +5 tower shield of Distant Shores {rPois Str+7}
rNeg    + . .        E - +9 crystal plate armour of the Crypt {Will+}
rPois   +            B - +3 crown of Dyrovepreva {rElec Int+2 SInv}
rElec   +            u - +2 cloak {rPois}
rCorr   +            p - +0 pair of gloves of Conscience {rPois rF++}
SInv    +            U - +1 pair of boots "Xyelan" {rN+ Will+ Dex-4 Slay+3}
Will    ++++.        x - amulet of regeneration Stlth
                     s - ring of Ru's Esteem {Fly rCorr Dex+3}
HPRegen 1.44/turn    N - +6 ring of dexterity
MPRegen 0.22/turn

%: no passive effects
@: flying, studying 2 skills
A: horns 2, retaliatory headbutt, hooves 1, clumsy 1, strong-willed 1, mutation
resistance 1, strong 1
}: 4/15 runes: decaying, serpentine, slimy, silver
a: Renounce Religion, Heroism, Finesse, Duel


You were on level 4 of the Realm of Zot.
You worshipped Okawaru.
Okawaru was exalted by your worship.
You visited 11 branches of the dungeon, and saw 54 of its levels.
You visited the Abyss 1 time.
You visited 1 bazaar.
You also visited: Bailey.

You collected 7305 gold pieces.
You spent 1691 gold pieces at shops.

Inventory:

Hand Weapons
 a - a +9 heavy double sword (weapon)
 b - a +3 double sword of flaming
 c - the +9 falchion of Midsummer {heavy, rCorr}
   (Okawaru gifted it to you on level 3 of the Depths)

   rCorr:     It protects you from acid and corrosion.
Armour
 d - the +5 tower shield of Distant Shores (worn) {rPois Str+7}
   (Okawaru gifted it to you on level 3 of the Snake Pit)

   Str:       It affects your strength (+7).
   rPois:     It protects you from poison.
 h - +0 storm dragon scales
 p - the +0 pair of gloves of Conscience (worn) {rPois rF++}
   (You found it on level 3 of the Depths)

   rF:        It greatly protects you from fire.
   rPois:     It protects you from poison.
 u - a +2 cloak of poison resistance (worn)
 B - the +3 crown of Dyrovepreva (worn) {rElec Int+2 SInv}
   (You found it on level 3 of the Elven Halls)

   Int:       It affects your intelligence (+2).
   rElec:     It insulates you from electricity.
   SInv:      It lets you see invisible.
 C - a +0 kite shield of reflection
 D - the +4 pair of gloves of the Fiend {rElec rPois Will+}
   (Okawaru gifted it to you on level 4 of the Vaults)

   rElec:     It insulates you from electricity.
   rPois:     It protects you from poison.
   Will:      It increases your willpower.
 E - the +9 crystal plate armour of the Crypt (worn) {Will+}
   (Okawaru gifted it to you on level 5 of the Vaults)

   Will:      It increases your willpower.
 U - the +1 pair of boots "Xyelan" (worn) {rN+ Will+ Dex-4 Slay+3}
   (Okawaru gifted it to you on level 1 of the Vaults)

   Dex:       It affects your dexterity (-4).
   Slay:      It affects your accuracy & damage with ranged weapons and melee
   (+3).
   rN:        It protects you from negative energy.
   Will:      It increases your willpower.
 Y - the +7 plate armour of the Fletcher {rC+ Will+ Str+5}
   (You found it on level 4 of the Realm of Zot)

   Str:       It affects your strength (+5).
   rC:        It protects you from cold.
   Will:      It increases your willpower.
Jewellery
 s - the ring of Ru's Esteem (left hand) {Fly rCorr Dex+3}
   (You bought it in a shop in a bazaar)

   [ring of flight]

   Dex:       It affects your dexterity (+3).
   Fly:       It grants you flight.
   rCorr:     It protects you from acid and corrosion.
 x - an amulet of regeneration (around neck)
 A - the ring "Atubuz" {Fly rElec rF- Str+7 Int+6}
   (You found it on level 12 of the Dungeon)

   [ring of intelligence]

   Str:       It affects your strength (+7).
   Int:       It affects your intelligence (+6).
   rF:        It makes you vulnerable to fire.
   rElec:     It insulates you from electricity.
   Fly:       It grants you flight.
 H - a ring of poison resistance
 I - a ring of wizardry
 L - the ring of Haazomae {rF++ rN+}
   (You found it on level 3 of the Crypt)

   [ring of positive energy]

   rF:        It greatly protects you from fire.
   rN:        It protects you from negative energy.
 M - the ring of Serendipity {rC+ rN+ Int+3 Slay+3}
   (You found it on level 3 of the Crypt)

   [ring of positive energy]

   Int:       It affects your intelligence (+3).
   Slay:      It affects your accuracy & damage with ranged weapons and melee
   (+3).
   rC:        It protects you from cold.
   rN:        It protects you from negative energy.
 N - a +6 ring of dexterity (right hand)
 O - a +6 ring of dexterity
Wands
 g - a wand of digging (5)
 m - a wand of flame (6)
 q - a wand of polymorph (11)
 y - a wand of roots (17)
 P - a wand of paralysis (9)
 T - a wand of mindburst (6)
 X - a wand of quicksilver (4)
Scrolls
 e - 9 scrolls of fear
 f - 5 scrolls of fog
 i - 9 scrolls of immolation
 j - 13 scrolls of poison
 l - 3 scrolls of blinking
 n - 2 scrolls of silence
 r - a scroll of acquirement
 t - 3 scrolls of enchant weapon
 z - 3 scrolls of brand weapon
 F - 17 scrolls of teleportation
 G - 14 scrolls of magic mapping
Potions
 k - a potion of flight
 o - 4 potions of might
 v - 5 potions of resistance
 J - 3 potions of lignification
 K - 4 potions of berserk rage
 Q - a potion of ambrosia
 R - 2 potions of invisibility
 S - 7 potions of haste
 V - a potion of cancellation
 W - 11 potions of curing


   Skills:
 O Level 27 Fighting
 O Level 27 Long Blades
 + Level 8.7 Staves
 O Level 27 Armour
 + Level 10.3 Dodging
 + Level 2.8 Stealth
 O Level 27 Shields
 + Level 10.7 Invocations
 + Level 1.4 Evocations


You had 25 spell levels left.
You didn't know any spells.
Your spell library contained the following spells:

 Spells                   Type           Power      Damage    Failure   Level
 Apportation              Tloc           0%         N/A       95%         1
 Beastly Appendage        Tmut           0%         N/A       95%         1
 Foxfire                  Conj/Fire      0%         2x1d4     95%         1
 Freeze                   Ice            0%         1d3       95%         1
 Kiss of Death            Conj/Necr      0%         2d5       95%         1
 Magic Dart               Conj           0%         1d3       95%         1
 Necrotise                Necr           0%         1d4       95%         1
 Sandblast                Erth           0%         2d4       95%         1
 Sting                    Tmut/Pois      0%         1d3       95%         1
 Blink                    Tloc           0%         N/A       99%         2
 Ensorcelled Hibernation  Hex/Ice        0%         N/A       99%         2
 Lesser Beckoning         Tloc           0%         N/A       99%         2
 Momentum Strike          Conj/Tloc      0%         3d8       99%         2
 Passwall                 Tmut/Erth      0%         N/A       99%         2
 Poisonous Vapours        Pois/Air       0%         N/A       99%         2
 Searing Ray              Conj           0%         2d4       99%         2
 Static Discharge         Conj/Air       0%         2-2/arc   99%         2
 Sublimation of Blood     Necr           0%         N/A       99%         2
 Wereblood                Tmut           0%         N/A       99%         2
 Confusing Touch          Hex            0%         N/A       100%        3
 Dazzling Flash           Conj/Hex       0%         N/A       100%        3
 Frozen Ramparts          Ice            0%         1d1       100%        3
 Gell's Gravitas          Tloc           0%         N/A       100%        3
 Hailstorm                Conj/Ice       0%         3d3       100%        3
 Ignite Poison            Fire/Tmut/Pois 0%         N/A       100%        3
 Mephitic Cloud           Conj/Pois/Air  0%         N/A       100%        3
 Ozocubu's Armour         Ice            0%         N/A       100%        3
 Portal Projectile        Hex/Tloc       0%         N/A       100%        3
 Spider Form              Tmut/Pois      0%         N/A       100%        3
 Stone Arrow              Conj/Erth      0%         3d7       100%        3
 Teleport Other           Tloc           0%         N/A       100%        3
 Vampiric Draining        Necr           0%         2d6       100%        3
 Volatile Blastmotes      Fire/Tloc      0%         2d10      100%        3
 Airstrike                Air            0%         2d(0-16)  100%        4
 Anguish                  Hex/Necr       0%         N/A       100%        4
 Cause Fear               Hex            0%         N/A       100%        4
 Dispel Undead            Necr           0%         3d6       100%        4
 Fulminant Prism          Conj/Hex       0%         3d5       100%        4
 Ice Form                 Ice/Tmut       0%         N/A       100%        4
 Iskenderun's Mystic Bla  Conj/Tloc      0%         2d3       100%        4
 Leda's Liquefaction      Hex/Erth       0%         N/A       100%        4
 Manifold Assault         Tloc           0%         N/A       100%        4
 Olgreb's Toxic Radiance  Pois           0%         N/A       100%        4
 Sticky Flame             Conj/Fire      0%         2d3       100%        4
 Agony                    Necr           0%         N/A       100%        5
 Alistair's Intoxication  Tmut/Pois      0%         N/A       100%        5
 Blade Hands              Tmut           0%         N/A       100%        5
 Borgnjor's Vile Clutch   Necr/Erth      0%         N/A       100%        5
 Fireball                 Conj/Fire      0%         3d3       100%        5
 Freezing Cloud           Conj/Ice/Air   0%         6-21      100%        5
 Iskenderun's Battlesphe  Conj           0%         2d6       100%        5
 Silence                  Hex/Air        0%         N/A       100%        5
 Conjure Ball Lightning   Conj/Air       0%         3x3d6     100%        6
 Dispersal                Tloc           0%         N/A       100%        6
 Eringya's Noxious Bog    Tmut/Pois      0%         N/A       100%        6
 Iron Shot                Conj/Erth      0%         9d1       100%        6
 Plasma Beam              Fire/Air       0%         2x1d11    100%        6
 Starburst                Conj/Fire      0%         6d3       100%        6
 Dragon Form              Tmut           0%         N/A       100%        7
 Ozocubu's Refrigeration  Ice            0%         4d7       100%        7
 Discord                  Hex            0%         N/A       100%        8
 Disjunction              Tloc           0%         N/A       100%        8
 Ignition                 Fire           0%         3d3       100%        8
 Chain Lightning          Conj/Air       0%         N/A       100%        9
 Fire Storm               Conj/Fire      0%         5d1       100%        9
 Polar Vortex             Ice            0%         N/A       100%        9
 Shatter                  Erth           0%         3d5*      100%        9
 Summon Small Mammal      Summ           Unusable   N/A       N/A         1
 Call Canine Familiar     Summ           Unusable   N/A       N/A         3
 Animate Armour           Summ/Erth      Unusable   N/A       N/A         4
 Animate Dead             Necr           Unusable   N/A       N/A         4
 Summon Ice Beast         Ice/Summ       Unusable   N/A       N/A         4
 Summon Lightning Spire   Summ/Air       Unusable   N/A       N/A         4
 Death Channel            Necr           Unusable   N/A       N/A         6
 Simulacrum               Ice/Necr       Unusable   N/A       N/A         6
 Spellforged Servitor     Conj/Summ      Unusable   N/A       N/A         7
 Summon Hydra             Summ           Unusable   N/A       N/A         7
 Dragon's Call            Summ           Unusable   N/A       N/A         9

Dungeon Overview and Level Annotations

Branches:
Dungeon (15/15)            Temple (0/1) D:7            Lair (5/5) D:9
  Swamp (4/4) Lair:2        Snake (4/4) Lair:2        Slime (5/5) Lair:5
    Orc (2/2) D:11            Elf (3/3) Orc:2        Vaults (5/5) D:13
  Crypt (3/3) Vaults:2       Tomb (0/3) Crypt:3      Depths (4/4) D:15
    Zot (4/5) Depths:4     Bailey (visited)

Altars:
Cheibriados
Dithmenos
Hepliaklqana
Kikubaaqudgha
Makhleb
Nemelex Xobeh
Okawaru
Ru
Trog
Uskayaw
Vehumet
Wu Jian
Xom
Yredelemnul
Zin
The Shining One
Jiyva

Shops:
D:11 !   D:12 (   Orc:2 :*?[(   Elf:2 ::=   Elf:3 =   Vaults:4 [   Vaults:5 :

Portals:
Hell: Depths:1 Depths:2 Depths:3 Depths:4
Abyss: Depths:3
Pandemonium: Depths:1 Depths:2
Ziggurat: Depths:2
Trove: D:12 (give +4 shadow dragon scales)

Annotations:
Elf:2 3 runed translucent doors
Depths:1 3 runed translucent doors, Taqapiomp's ghost, adept MiFi
Zot:1 1 runed translucent door, reasonance's ghost, legendary DsFi


Innate Abilities, Weirdness & Mutations

You have a pair of horns on your head.
You reflexively headbutt those who attack you in melee.
You have large cloven feet.
You are clumsy. (Dex -2)
You are strong-willed. (Will+)
You are somewhat resistant to further mutation.
Your muscles are strong. (Str +4, Int/Dex -1)


Message History

You block the quicksilver dragon's attack. x2
The quicksilver dragon bites you but does no damage.
The quicksilver dragon closely misses you.
The quicksilver dragon barely misses you.
The quicksilver dragon claws you.
* * * LOW HITPOINT WARNING * * *
The purple draconian shifter mumbles some strange words.
The purple draconian shifter blinks!
You hear a roar!
You block the quicksilver dragon's attack.
The quicksilver dragon claws you but does no damage.
The quicksilver dragon barely misses you.
You furiously retaliate!
You headbutt the quicksilver dragon.
You block the quicksilver dragon's attack.
The quicksilver dragon misses you. You furiously retaliate!
You headbutt the quicksilver dragon!
The quicksilver dragon completely misses you.
You block the quicksilver dragon's attack.
The quicksilver dragon closely misses you.
You block the quicksilver dragon's attack.
The quicksilver dragon claws you but does no damage.
The quicksilver dragon breathes dispelling energy at you.
The bolt of dispelling energy hits you!!
You feel strangely stable.
* * * LOW HITPOINT WARNING * * *
You hear a roar!
You feel much better.
You block the quicksilver dragon's attack. x2
The quicksilver dragon bites you but does no damage.
The quicksilver dragon completely misses you.
The purple draconian shifter points at you and mumbles some strange words.
The quicksilver dragon barely misses you.
You block the quicksilver dragon's attack. x2
The quicksilver dragon claws you but does no damage.
Blink to where?
Press: ? - help, Dir - move target
As you read the scroll of blinking, it crumbles to dust.
The quicksilver dragon breathes dispelling energy at you.
The bolt of dispelling energy hits you!!
You die...

### #.# ..# #.# #.#
#.# #.# #.##.# ##
#.# #.##.# #. #.#
#.##.# #. #@#
#.##.########. #.#
#.##.......##. #.#
#.##.#####..'.
######.###.##.#
#...##.
#.............#
#.####.
#.####.###.#### #.#
## #.#
#D###'######.#
#.####D#.......##.#
#.q..D.D.......##.#


You could see 2 quicksilver dragons.

Vanquished Creatures
  the Royal Jelly (Slime:5)
  3 ancient liches
  3 orbs of fire
  A juggernaut (Depths:3)
  Boris (Crypt:3)
  Sojobo (Crypt:1)
  Frederick (Vaults:3)
  A shard shrike (Zot:1)
  Bai Suzhen (Crypt:3)
  2 Killer Klowns
  Margery (Crypt:1)
  2 curse toes
  4 golden dragons
  Jory (Depths:2)
  5 bone dragons
  An electric golem (Zot:1)
  16 tentacled monstrosities
  6 liches
  Zenata (Vaults:2)
  2 walking earthen tomes (Depths:3)
  A shard shrike skeleton (Crypt:3)
  3 titans
  6 quicksilver dragons
  The ghost of dondy the Earth Mage, an adept GrEE of Vehumet (Elf:3)
  2 deep elf master archers (Elf:3)
  2 deep elf blademasters (Elf:3)
  The ghost of Quickbrownfox the Eclecticist, an adept DsCj of Ashenzari (Elf:3)
  17 acid blobs
  8 ancient champions
  2 tentacled starspawn (Abyss:2)
  5 death cobs
  7 tengu reavers
  4 shadow dragons
  A thorn hunter (Swamp:1)
  Donald (Swamp:2)
  4 storm dragons
  4 draconian monks
  4 nagarajas (Snake:4)
  7 draconian knights
  8 fire giants
  An iron dragon (Vaults:5)
  The ghost of Madon the Severer, a journeyman MiBe of Trog (Swamp:2)
  7 rockslimes
  4 draconian scorchers
  4 deep elf sorcerers (Elf:3)
  8 frost giants
  3 azure jellies
  A balrug (Depths:1)
  Louise (Elf:1)
  5 ghost moths
  13 vault wardens
  Aizul (Vaults:1)
  7 draconian shifters
  3 orc warlords
  5 deep elf elementalists (Elf:3)
  9 ghouls
  5 spectral caustic shrikes (Depths:4)
  5 draconian annihilators
  A curse skull (Crypt:2)
  27 ironbound preservers
  3 draconian stormcallers
  20 very ugly things
  3 quicksilver oozes (Slime:5)
  A war gargoyle (Vaults:5)
  9 ironbound thunderhulks
  2 juggernaut skeletons (Depths:2)
  11 stone giants
  A reaper (Depths:1)
  13 vampire knights
  4 deep elf demonologists (Elf:3)
  9 green draconians
  3 bunyips
  6 deep elf annihilators
  2 eleionomae (Swamp:4)
  Azrael (D:13)
  7 black draconians
  6 purple draconians
  3 dire elephants (Vaults:3)
  3 spark wasps (Depths:4)
  10 white draconians
  6 deep elf death magi
  10 yellow draconians
  14 red draconians
  Snorg (Orc:1)
  11 eidola
  9 jiangshi
  12 ettins
  7 fire dragons
  A green death (Depths:2)
  Josephine (Orc:1)
  15 yaktaur captains
  32 vault guards
  4 deep elf high priests
  The ghost of Giapacw the Thaumaturge, a journeyman DsIE of Vehumet (D:12)
  A shambling mangrove (Swamp:3)
  3 entropy weavers (Vaults:1)
  A salamander tyrant (Snake:3)
  12 great orbs of eyes
  5 rakshasas
  Erolcha (D:9)
  11 hydras
  9 ghost crabs
  6 centaur warriors
  An elf skeleton (Crypt:3)
  An anaconda (shapeshifter) (Elf:2)
  6 ironbound frosthearts
  8 ice dragons
  4 spriggan air magi
  The ghost of Seven7 the Cleaver, a novice MiFi of Gozag (D:10)
  5 spriggan skeletons (Crypt:3)
  A catoblepas (Lair:2)
  7 deep troll shamans
  6 boulder beetles
  7 two-headed ogres
  8 tengu warriors
  A death knight (Crypt:1)
  14 alligators
  12 dancing weapons
  8 death yaks
  16 anacondas
  3 deep troll earth magi
  9 vampire magi
  Urug (D:13)
  11 deep elf knights
  18 naga warriors
  3 orc high priests (Orc:2)
  4 spriggan berserkers
  Sonja (D:11)
  Nergalle (D:10)
  11 naga sharpshooters
  2 shock serpents
  4 soul eaters
  A thrashing horror (Abyss:2)
  An emperor scorpion zombie (Crypt:1)
  A skyshark (Lair:5)
  A wretched star (Abyss:2)
  13 shadow wraiths
  A fire crab (shapeshifter) (D:12)
  4 hell knights
  6 iron trolls
  2 salamander mystics
  A sixfirhy (Abyss:2)
  51 skeletal warriors
  5 titan skeletons (Crypt:3)
  11 sea snakes
  4 swamp dragons
  3 goliath frogs
  3 spectral hydras (Swamp:4)
  2 spriggan druids
  94 deep trolls
  An anaconda zombie (Crypt:2)
  2 naga ritualists
  11 bog bodies
  10 flayed ghosts
  7 wizards
  A tengu zombie (Depths:2)
  Pikel (D:6)
  3 anaconda skeletons
  27 ironbound convokers
  6 lindwurms
  An orange crystal statue (Depths:1)
  6 harpies
  22 deep elf zephyrmancers
  6 deep elf archers
  22 phantasmal warriors
  9 necromancers
  8 orc knights
  4 orc sorcerers
  An iron dragon zombie (Crypt:1)
  12 starcursed masses (Abyss:2)
  A fenstrider witch simulacrum (Crypt:1)
  25 deep elf pyromancers
  5 manticores
  7 oklob plants
  13 moths of wrath
  2 shining eyes
  4 mana vipers
  9 salamanders
  25 ugly things
  9 cyclopes
  Joseph (D:9)
  5 will-o-the-wisps
  10 elephants (Lair:4)
  An apocalypse crab (Abyss:2)
  2 torpor snails (Lair:5)
  18 vault sentinels
  A frost giant skeleton (Depths:2)
  10 guardian serpents
  21 naga magi
  26 black mambas
  2 eyes of devastation
  An orange demon (Depths:2)
  2 centaur skeletons (Crypt:3)
  21 cane toads
  A yaktaur (shapeshifter) (Vaults:5)
  A yaktaur zombie (Vaults:3)
  3 kobold demonologists
  7 unseen horrors
  A dire elephant skeleton (Crypt:3)
  33 yaktaurs
  6 komodo dragons
  2 yellow draconian zombies
  An alligator snapping turtle skeleton (Crypt:2)
  3 rime drakes
  5 tengu conjurers
  3 efreet
  4 freezing wraiths
  2 swamp worm zombies (Swamp:4)
  A red devil (Depths:2)
  An ice devil (Depths:2)
  A mana viper zombie (Crypt:1)
  A golden dragon simulacrum (Depths:2)
  4 hydra zombies (Swamp:4)
  An ancient zyme (Abyss:2)
  10 trolls
  An unseen horror skeleton (Crypt:2)
  A hellwing (Depths:2)
  A wind drake (shapeshifter) (D:15)
  A bloated husk (Swamp:4)
  5 hornets
  5 polar bears
  15 tyrant leeches
  4 raiju (Abyss:2)
  2 hydra skeletons
  Prince Ribbit (Bailey)
  A tarantella (Vaults:5)
  A harpy skeleton (Crypt:3)
  25 blink frogs
  7 dream sheep (Lair:5)
  64 slime creatures
  2 spectral swamp dragons (Swamp:4)
  5 air elementals
  A water elemental (D:15)
  2 alligator zombies
  A satyr zombie (Crypt:2)
  A large abomination (Abyss:2)
  Sigmund (D:6)
  34 flying skulls
  A shadow (D:11)
  14 spriggans
  44 yaks
  2 ynoxinuls
  2 culicivoras (Vaults:1)
  5 wyverns
  A yak (shapeshifter) (Vaults:4)
  A centaur simulacrum (D:14)
  2 ettin skeletons
  2 vampires
  16 wraiths
  10 fire elementals
  3 humans (Bailey)
  5 basilisks
  A golden eye (shapeshifter) (Vaults:5)
  7 redbacks
  2 chaos spawn (Depths:2)
  A human simulacrum (Vaults:3)
  2 steam dragons
  29 vampire mosquitoes
  2 black mamba skeletons
  7 neqoxecs
  15 swamp worms
  50 nagas
  5 acid dragons
  7 wargs
  6 small abominations (Abyss:2)
  2 hydra simulacra (Zot:1)
  2 floating eyes (Slime:5)
  2 hell hounds (D:13)
  13 water moccasins
  A merfolk skeleton (Crypt:2)
  5 naga skeletons
  A faun skeleton (Crypt:1)
  4 swamp drakes
  57 orc warriors
  8 black bears
  A lindwurm zombie (Crypt:2)
  3 swamp dragon zombies (Swamp:4)
  2 wolves (D:9)
  An ettin simulacrum (Vaults:3)
  6 centaurs
  9 ogres
  5 boggarts (Vaults:1)
  4 kobold brigands
  6 phantoms (Swamp:4)
  A draconian zombie (Crypt:1)
  A vine stalker zombie (Crypt:3)
  A gnoll sergeant (D:11)
  24 bullfrogs
  Blork the orc (D:6)
  3 earth elementals (Elf:2)
  5 necrophages
  A scorpion (D:7)
  10 wights
  A hornet simulacrum (D:14)
  A wyvern skeleton (Crypt:3)
  8 killer bees
  11 electric eels
  4 howler monkeys
  4 quasits (D:12)
  A human zombie (Crypt:3)
  A hound (D:5)
  A gnoll bouda (D:4)
  23 orc priests
  Crazy Yiuf (D:2)
  2 centaur zombies
  2 iguanas
  33 orc wizards
  A killer bee zombie (Crypt:3)
  A spectral swamp drake (Swamp:4)
  7 gnolls
  A steam dragon zombie (Crypt:1)
  A swamp drake zombie (Swamp:4)
  10 adders
  A shadow imp (D:8)
  A steam dragon skeleton (Crypt:3)
  2 white imps (D:5)
  3 ufetubi
  A worm zombie (Crypt:1)
  3 dart slugs (D:3)
  4 worms
  106 orcs
  8 endoplasms
  A giant cockroach (D:2)
  10 goblins
  8 hobgoblins
  7 jackals
  18 kobolds
  A quokka (D:1)
  A river rat zombie (Crypt:2)
  13 ball pythons
  5 bats
  A frilled lizard (D:3)
  A giant cockroach zombie (Crypt:3)
  A quokka skeleton (Crypt:3)
  3 rats
  A lurking horror (Abyss:2)
2309 creatures vanquished.

Vanquished Creatures (others)
  An ironbound thunderhulk (Vaults:3)
  A lorocyproca (Abyss:2)
  A deep elf knight (Elf:1)
  A goliath frog (Swamp:3)
  A bog body (Swamp:3)
  5 bloated husks
  A hornet (Swamp:2)
  A small abomination (Abyss:2)
  A naga (Snake:3)
  A killer bee (D:11)
  An electric eel (D:15)
  An orc wizard (D:9)
  A spectral swamp drake (Swamp:4)
  18 foxfires
  4 starspawn tentacles (Abyss:2)
39 creatures vanquished.

Grand Total: 2348 creatures vanquished

Notes
Turn   | Place    | Note
-------+----------+-------------------------------------------
     0 | D:1      | Peloso the Minotaur Fighter began the quest for the Orb.
     0 | D:1      | Reached XP level 1. HP: 19/19 MP: 0/0
    76 | D:1      | Reached XP level 2. HP: 27/27 MP: 1/1
   793 | D:2      | Reached XP level 3. HP: 33/33 MP: 2/2
  1016 | D:2      | Found an iron altar of Okawaru.
  1046 | D:2      | Became a worshipper of Warmaster Okawaru
  1140 | D:2      | Found a runed translucent door.
  1141 | D:2      | Noticed Crazy Yiuf
  1384 | D:3      | Reached skill level 1 in Dodging
  1425 | D:3      | Reached XP level 4. HP: 21/40 MP: 3/3
  1654 | D:3      | Found a sacrificial altar of Ru.
  1738 | D:3      | Found a shimmering altar of Xom.
  1760 | D:3      | Found a shimmering altar of Xom.
  2098 | D:4      | Reached XP level 5. HP: 46/46 MP: 4/4
  2141 | D:4      | Found an iron altar of Okawaru.
  2250 | D:4      | Found a shadowy altar of Dithmenos.
  2429 | D:4      | Reached skill level 5 in Long Blades
  2586 | D:4      | Found a glowing golden altar of the Shining One.
  2810 | D:4      | Identified a scroll of acquirement
  2827 | D:5      | Entered Level 5 of the Dungeon
  2945 | D:5      | Reached skill level 5 in Armour
  2954 | D:5      | Noticed a water moccasin
  2963 | D:5      | Killed a water moccasin
  2964 | D:5      | Reached XP level 6. HP: 37/53 MP: 5/5
  3062 | D:5      | Reached * piety under Okawaru
  3310 | D:5      | Found an ancient bone altar of Kikubaaqudgha.
  3333 | D:5      | Reached skill level 5 in Shields
  3333 | D:5      | Reached XP level 7. HP: 60/60 MP: 6/6
  3542 | D:6      | Found a glowing silver altar of Zin.
  3564 | D:6      | Reached skill level 5 in Fighting
  3679 | D:6      | Noticed Sigmund
  3692 | D:6      | Killed Sigmund
  3744 | D:6      | Reached ** piety under Okawaru
  3798 | D:6      | Noticed a steam dragon
  3809 | D:6      | Killed a steam dragon
  3810 | D:6      | Reached XP level 8. HP: 41/70 MP: 7/7
  4159 | D:6      | Noticed Pikel
  4169 | D:6      | Killed Pikel
  4340 | D:6      | Noticed Blork the orc
  4341 | D:6      | Found a burning altar of Makhleb.
  4383 | D:6      | Killed Blork the orc
  4834 | D:6      | Found a snail-covered altar of Cheibriados.
  5120 | D:2      | Killed Crazy Yiuf
  5297 | D:7      | Reached XP level 9. HP: 67/79 MP: 8/8
  5370 | D:7      | Found a staircase to the Ecumenical Temple.
  5395 | D:7      | Reached skill level 10 in Long Blades
  5395 | D:7      | Reached skill level 1 in Stealth
  5570 | D:7      | Found a flagged portal.
  5586 | Bailey   | Entered a bailey
  5609 | Bailey   | Reached *** piety under Okawaru
  5719 | Bailey   | Noticed a vault guard
  5724 | Bailey   | Noticed Prince Ribbit
  5744 | Bailey   | Killed a vault guard
  5744 | Bailey   | Reached **** piety under Okawaru
  5779 | Bailey   | Killed Prince Ribbit
  5780 | Bailey   | Reached XP level 10. HP: 88/88 MP: 9/9
  5816 | Bailey   | Noticed a vault guard
  5861 | Bailey   | Killed a vault guard
  5861 | Bailey   | Received a gift from Okawaru
  5862 | Bailey   | Reached skill level 1 in Invocations
  6091 | D:7      | Found a basalt altar of Yredelemnul.
  6346 | D:7      | Identified the +0 scale mail "Touvueso" {Int+2}
  6616 | D:8      | Found a radiant altar of Vehumet.
  6817 | D:8      | Found a hazy altar of Hepliaklqana.
  6962 | D:8      | Found a hide-covered altar of Uskayaw.
  7368 | D:9      | Noticed Joseph
  7403 | D:9      | Killed Joseph
  7404 | D:9      | Reached skill level 10 in Armour
  7522 | D:9      | Found a staircase to the Lair.
  7648 | D:9      | Found a sparkling altar of Nemelex Xobeh.
  7655 | D:9      | Reached XP level 11. HP: 97/97 MP: 11/11
  7731 | D:9      | Noticed Erolcha
  7753 | D:9      | Killed Erolcha
  7989 | D:9      | Reached ***** piety under Okawaru
  8550 | D:10     | Entered Level 10 of the Dungeon
  8645 | D:10     | Found a runed translucent door.
  8646 | D:10     | Identified the +2 trident of Pandemonium {heavy, rC+}
  8648 | D:10     | Noticed a spriggan rider
  8648 | D:10     | Noticed Seven7's ghost (novice MiFi)
  8751 | D:10     | Noticed Nergalle
  8820 | D:10     | Killed Nergalle
  8821 | D:10     | Reached skill level 10 in Fighting
  8821 | D:10     | Reached skill level 1 in Evocations
  9433 | D:11     | Received a gift from Okawaru
  9578 | D:11     | Found a staircase to the Orcish Mines.
  9634 | D:11     | Noticed a two-headed ogre
  9643 | D:11     | Killed a two-headed ogre
  9847 | D:11     | Found Wunextegh's Distillery.
  9857 | D:11     | Bought a potion of might for 68 gold pieces
  9857 | D:11     | Bought a potion of berserk rage for 85 gold pieces
 10244 | D:11     | Noticed Sonja
 10265 | D:11     | Killed Sonja
 10354 | D:11     | Noticed a skeletal warrior
 10377 | D:11     | Killed a skeletal warrior
 10378 | D:11     | Reached XP level 12. HP: 43/108 MP: 10/12
 10378 | D:11     | Noticed a two-headed ogre
 10406 | D:11     | Killed a two-headed ogre
 10556 | D:11     | Noticed a two-headed ogre
 10567 | D:11     | Killed a two-headed ogre
 10568 | D:11     | Reached skill level 10 in Shields
 10715 | D:11     | Noticed a two-headed ogre
 10723 | D:11     | Killed a two-headed ogre
 11217 | Lair:1   | Entered Level 1 of the Lair of Beasts
 11356 | Lair:1   | Identified the +0 ring mail of Okawaru's Favour {rF+}
                  | (Okawaru gifted it to you on level 1 of the Lair of Beasts)
 11356 | Lair:1   | Received a gift from Okawaru
 12357 | Lair:2   | Noticed a catoblepas
 12369 | Lair:2   | Killed a catoblepas
 12425 | Lair:2   | Found a staircase to the Snake Pit.
 12464 | Lair:2   | Found an iron altar of Okawaru.
 12582 | Lair:2   | Found a staircase to the Swamp.
 12636 | Lair:2   | Reached XP level 13. HP: 104/119 MP: 13/13
 12840 | Lair:2   | Reached skill level 15 in Long Blades
 14093 | D:12     | Found Suotaume's Weapon Shoppe.
 14109 | D:11     | Received a gift from Okawaru
 14294 | D:12     | Found a transporter.
 14297 | D:12     | Noticed Giapacw's ghost (journeyman DsIE)
 14300 | D:12     | Identified the +6 spear "Wasumasch" {vamp, *Noise Str+3}
 14313 | D:12     | Reached skill level 15 in Armour
 14319 | D:12     | Found a transporter.
 14533 | D:12     | Found a portal to a secret trove of treasure.
 14834 | Orc:1    | Entered Level 1 of the Orcish Mines
 14862 | Orc:1    | Noticed an ettin
 14872 | Orc:1    | Killed an ettin
 15025 | Orc:1    | Noticed an orc warlord
 15048 | Orc:1    | Killed an orc warlord
 15448 | Orc:1    | Noticed an orc warlord
 15629 | D:11     | Killed an orc warlord
 15671 | D:11     | Reached XP level 14. HP: 112/129 MP: 14/14
 15764 | Orc:1    | Identified the ring of Afel {Fly rElec rC+ AC+4 Int-5}
 15835 | Orc:1    | Identified the +1 leather armour of the Unbroken {Drain
                  | +Blink rF+ SInv}
 15992 | Orc:2    | Entered Level 2 of the Orcish Mines
 16083 | Orc:2    | Found a staircase to the Elven Halls.
 16220 | Orc:2    | Found Wehahux's Magic Scroll Shop.
 16235 | Orc:2    | Noticed Josephine
 16300 | Orc:1    | Killed Josephine
 16439 | Orc:2    | Noticed an orc warlord
 16736 | Orc:2    | Killed an orc warlord
 16916 | Orc:2    | Received a gift from Okawaru
 16946 | Orc:2    | Found Noilum's General Store.
 16949 | Orc:2    | Found Uhen's Book Emporium.
 16951 | Orc:2    | Found Yzastriu's Antique Armour Emporium.
 16951 | Orc:2    | Found Pehel's Antique Weapon Shoppe.
 17731 | D:13     | Noticed Azrael
 17756 | D:13     | HP: 4/133 [Azrael/fireball (24)]
 17757 | D:13     | Killed Azrael
 17820 | D:13     | Received a gift from Okawaru
 18106 | D:13     | Noticed Urug
 18116 | D:13     | Killed Urug
 18390 | D:13     | Identified the +3 double sword of the Sage {venom, rCorr}
                  | (Okawaru gifted it to you on level 13 of the Dungeon)
 18390 | D:13     | Received a gift from Okawaru
 18391 | D:13     | Reached skill level 15 in Shields
 18406 | D:13     | Reached skill level 15 in Fighting
 18431 | D:13     | Found a gate to the Vaults.
 18744 | D:10     | Killed Seven7's ghost
 19076 | Lair:4   | Reached skill level 5 in Dodging
 19077 | Lair:4   | Found an ornate altar of the Wu Jian Council.
 19134 | Lair:4   | Reached ****** piety under Okawaru
 19323 | Lair:4   | Identified the +0 ring mail "Sipsoumu" {rF+ rC- rCorr}
 19406 | Lair:4   | Reached XP level 15. HP: 133/141 MP: 16/16
 19635 | Lair:4   | Identified the +7 chain mail of Toesh {rN+} (Okawaru gifted
                  | it to you on level 4 of the Lair of Beasts)
 19635 | Lair:4   | Received a gift from Okawaru
 19886 | Lair:5   | Entered Level 5 of the Lair of Beasts
 20150 | Lair:5   | Reached XP level 16. HP: 151/151 MP: 17/17
 20302 | Lair:5   | Found an ornate altar of the Wu Jian Council.
 20304 | Lair:5   | Found a hide-covered altar of Uskayaw.
 20578 | Lair:5   | Found a staircase to the Slime Pits.
 20579 | Lair:5   | Found a viscous altar of Jiyva.
 20793 | Lair:5   | Identified the +5 ring mail "Catiq" {Str-4 Int+4 Dex+4}
 20822 | Lair:5   | Identified the +4 short sword "Juuryuwk" {venom, Fragile
                  | rC+ Int+6}
 20919 | Lair:5   | Found the macabre finger necklace {Finger+ rN+}
 22136 | D:14     | Received a gift from Okawaru
 22594 | D:15     | Entered Level 15 of the Dungeon
 22717 | D:15     | Identified the ring of Piam {Fly rF- rCorr Dex+5}
 23466 | D:15     | Found a staircase to the Depths.
 24515 | Orc:2    | Bought a runed hat for 189 gold pieces
 24527 | Orc:2    | Bought an embroidered cloak for 202 gold pieces
 24715 | Orc:1    | Noticed Snorg
 24721 | Orc:1    | Killed Snorg
 24878 | Elf:1    | Entered Level 1 of the Elven Halls
 24882 | Elf:1    | Paralysed by an air elemental for 1 turns
 24888 | Elf:1    | Paralysed by an air elemental for 1 turns
 24907 | Elf:1    | Identified the +4 short sword of Lifo Togg {elec, rElec
                  | rCorr} (Okawaru gifted it to you on level 1 of the Elven
                  | Halls)
 24907 | Elf:1    | Received a gift from Okawaru
 25562 | Elf:1    | Reached XP level 17. HP: 125/161 MP: 18/18
 25769 | Elf:1    | Noticed Louise
 25789 | Elf:1    | Killed Louise
 26550 | Elf:2    | Paralysed by an air elemental for 1 turns
 26844 | Elf:2    | Received a gift from Okawaru
 27037 | Elf:2    | Found a runed translucent gate.
 27037 | Elf:2    | Found a runed translucent gate.
 27037 | Elf:2    | Found a runed translucent gate.
 27059 | Elf:2    | Found Ihiawk's Jewellery Shoppe.
 27059 | Elf:2    | Found Zoyshilo's Book Boutique.
 27065 | Elf:2    | Found Jalote's Book Boutique.
 27134 | Elf:3    | Entered Level 3 of the Elven Halls
 27351 | Elf:3    | Found Wafi's Jewellery Boutique.
 27437 | Elf:3    | Paralysed by an air elemental for 1 turns
 27465 | Elf:3    | Found a runed translucent gate.
 27466 | Elf:3    | Found a runed translucent gate.
 27466 | Elf:3    | Noticed dondy's ghost (adept GrEE)
 27467 | Elf:3    | Found a runed translucent gate.
 27468 | Elf:3    | Noticed Quickbrownfox's ghost (adept DsCj)
 28042 | Elf:3    | Identified the +5 lajatang of Big Damage {heavy, Int+3}
 28241 | Elf:3    | Noticed a deep elf blademaster
 28253 | Elf:3    | Killed a deep elf blademaster
 29278 | Elf:3    | Identified the +3 quarterstaff of Yrakueva {freeze, rPois
                  | rF+++ Int-5}
 29440 | Elf:3    | Identified the +0 plate armour "Qoeter" {Dex+5} (Okawaru
                  | gifted it to you on level 3 of the Elven Halls)
 29440 | Elf:3    | Received a gift from Okawaru
 29516 | Elf:3    | Identified the +8 flail of the Crafting Gods {venom, Will+}
 29700 | Elf:3    | Noticed a deep elf blademaster
 29703 | Elf:3    | Identified the +7 short sword of the Elven Halls {protect,
                  | Will++ Dex+3}
 29711 | Elf:3    | Killed a deep elf blademaster
 30027 | Elf:3    | Found the +3 crown of Dyrovepreva {rElec Int+2 SInv}
 30029 | Elf:3    | Noticed a deep elf master archer
 30048 | Abyss:2  | Cast into level 2 of the Abyss (a deep elf demonologist)
 30182 | Abyss:2  | Paralysed by accursed screaming for 1 turns
 30184 | Abyss:2  | Paralysed by accursed screaming for 2 turns
 30186 | Abyss:2  | HP: 5/156 [starcursed mass/accursed screaming (10)]
 30197 | Abyss:2  | Found a corrupted altar of Lugonu.
 30224 | Abyss:2  | Acquired the +2 pair of gloves of Grace {Dex+3}
 30243 | Abyss:2  | Found a corrupted altar of Lugonu.
 30254 | Abyss:2  | Noticed a tentacled monstrosity
 30263 | Abyss:2  | Killed a tentacled monstrosity
 30264 | Abyss:2  | Reached XP level 18. HP: 68/171 MP: 19/19
 30488 | Abyss:2  | Noticed a bone dragon
 30494 | Abyss:2  | Killed a bone dragon
 30506 | Elf:3    | Escaped the Abyss
 30636 | Elf:3    | Identified the +2 cloak of Ilypo {Will- Int+6 SInv}
 30637 | Elf:3    | Identified the staff of poison "Ytzixkif" {rPois rN+ Int+6
                  | Dex+4 Stlth-}
 30896 | Elf:3    | Killed dondy's ghost
 30905 | Elf:3    | Killed Quickbrownfox's ghost
 31469 | Swamp:1  | Entered Level 1 of the Swamp
 31518 | Swamp:1  | Identified the +0 ring mail "Teutzu" {-Tele rElec SInv}
                  | (Okawaru gifted it to you on level 1 of the Swamp)
 31518 | Swamp:1  | Received a gift from Okawaru
 31594 | Snake:1  | Entered Level 1 of the Snake Pit
 34064 | Snake:3  | Found a flickering gateway to a bazaar.
 34070 | Bazaar   | Entered a bazaar
 34070 | Bazaar   | Found Heilaq's General Store.
 34076 | Bazaar   | Found Veghij's Jewellery Boutique.
 34094 | Bazaar   | Found Vamut's Armour Boutique.
 34101 | Bazaar   | Found Jeibrouc's Magic Scroll Boutique.
 34114 | Bazaar   | Found Ashait's Jewellery Shop.
 34122 | Bazaar   | Bought the ring of Ru's Esteem {Fly rCorr Dex+3} for 582
                  | gold pieces
 34141 | Bazaar   | Bought a scroll of blinking for 82 gold pieces
 34141 | Bazaar   | Bought a scroll of blinking for 82 gold pieces
 34141 | Bazaar   | Bought a scroll of teleportation for 33 gold pieces
 34141 | Bazaar   | Bought a scroll of teleportation for 33 gold pieces
 34165 | Bazaar   | Bought a scroll of magic mapping for 97 gold pieces
 34267 | Snake:3  | Identified the +5 tower shield of Distant Shores {rPois
                  | Str+7} (Okawaru gifted it to you on level 3 of the Snake
                  | Pit)
 34267 | Snake:3  | Received a gift from Okawaru
 34439 | Snake:3  | Identified the +1 robe of Paranoia {rC+}
 35227 | Snake:4  | Entered Level 4 of the Snake Pit
 35306 | Snake:4  | Found a sacrificial altar of Ru.
 35321 | Snake:4  | Reached XP level 19. HP: 183/183 MP: 20/20
 36074 | Snake:4  | Received a gift from Okawaru
 36166 | Snake:4  | Got a serpentine rune of Zot
 37413 | Swamp:2  | Found a transporter.
 37544 | Swamp:2  | Noticed Donald
 37553 | Swamp:2  | Killed Donald
 37888 | Swamp:2  | Found a transporter.
 37902 | Swamp:2  | Noticed Madon's ghost (journeyman MiBe)
 37905 | Swamp:2  | Found a bloodstained altar of Trog.
 38120 | Swamp:2  | Killed Madon's ghost
 38540 | Orc:2    | Bought a scroll of brand weapon for 133 gold pieces
 38540 | Orc:2    | Bought a scroll of enchant weapon for 105 gold pieces
 38782 | Swamp:2  | Identified the +7 scimitar of the Fray {spect, *Rage Will+
                  | Int+3 Stlth+} (Okawaru gifted it to you on level 2 of the
                  | Swamp)
 38782 | Swamp:2  | Received a gift from Okawaru
 39796 | Swamp:4  | Entered Level 4 of the Swamp
 40611 | Swamp:4  | Received a gift from Okawaru
 40626 | Swamp:4  | Reached XP level 20. HP: 168/195 MP: 21/21
 40746 | Swamp:4  | Noticed a bone dragon
 40754 | Swamp:4  | Killed a bone dragon
 40791 | Swamp:4  | Got a decaying rune of Zot
 41045 | Vaults:1 | Entered Level 1 of the Vaults
 41588 | Vaults:1 | Noticed Aizul
 41594 | Vaults:1 | Killed Aizul
 41594 | Vaults:1 | Identified the +1 pair of boots "Xyelan" {rN+ Will+ Dex-4
                  | Slay+3} (Okawaru gifted it to you on level 1 of the Vaults)
 41594 | Vaults:1 | Received a gift from Okawaru
 42559 | Vaults:2 | Noticed Zenata
 42567 | Vaults:2 | Killed Zenata
 42892 | Vaults:2 | Found a staircase to the Crypt.
 44279 | Vaults:3 | Received a gift from Okawaru
 44465 | Vaults:3 | HP: 2/198 [lich/bolt of cold (38)]
 44612 | Vaults:3 | Reached XP level 21. HP: 151/205 MP: 22/22
 45626 | Vaults:3 | Noticed an ancient lich
 45639 | Vaults:3 | Killed an ancient lich
 45692 | Vaults:3 | Identified the +0 plate armour of Ygaynen {rN+ Will++ Dex+3
                  | Stlth+}
 45781 | Vaults:4 | Identified the +4 pair of gloves of the Fiend {rElec rPois
                  | Will+} (Okawaru gifted it to you on level 4 of the Vaults)
 45781 | Vaults:4 | Received a gift from Okawaru
 45785 | Vaults:4 | Noticed Frederick
 45831 | Vaults:3 | Killed Frederick
 46471 | Vaults:4 | Identified the +5 plate armour of the Equator {rPois
                  | Stlth+}
 46769 | Vaults:4 | Found Jiplinud's Armour Emporium.
 46842 | Vaults:4 | Identified the -1 cloak "Yraad" {Rampage Str+2 Dex+2}
 47347 | Vaults:5 | Entered Level 5 of the Vaults
 47435 | Vaults:4 | Identified the +0 chain mail of the Fife {rCorr Str+3}
                  | (Okawaru gifted it to you on level 4 of the Vaults)
 47435 | Vaults:4 | Received a gift from Okawaru
 47586 | Vaults:4 | Reached XP level 22. HP: 208/215 MP: 23/23
 47849 | Vaults:4 | Reached skill level 27 in Shields
 47856 | Vaults:5 | Noticed a golden dragon
 47976 | Vaults:4 | Killed a golden dragon
 48336 | Vaults:5 | Noticed a golden dragon
 48440 | Vaults:4 | Killed a golden dragon
 48752 | Vaults:5 | Received a gift from Okawaru
 48754 | Vaults:5 | Noticed a golden dragon
 48761 | Vaults:5 | Killed a golden dragon
 48928 | Vaults:5 | Identified the +0 chain mail of Yntafi {-Tele Int+7 Dex+3
                  | Stlth+}
 48934 | Vaults:5 | Got a silver rune of Zot
 49821 | Vaults:5 | Found Teleteuh's Book Shop.
 49877 | Vaults:5 | Noticed an ancient lich
 49884 | Vaults:5 | Killed an ancient lich
 49904 | Vaults:5 | HP: 8/220 [vault warden/+1 heavy great sword (41)]
 50683 | Vaults:5 | Identified the +9 crystal plate armour of the Crypt {Will+}
                  | (Okawaru gifted it to you on level 5 of the Vaults)
 50683 | Vaults:5 | Received a gift from Okawaru
 51087 | Depths:1 | Entered Level 1 of the Depths
 51254 | Depths:1 | Found a glowing golden altar of the Shining One.
 51789 | Depths:1 | Reached XP level 23. HP: 208/229 MP: 24/24
 51911 | Depths:1 | Found a one-way gate leading to the halls of Pandemonium.
 51936 | Depths:1 | Found a gateway to Hell.
 51983 | Depths:1 | Found a runed translucent gate.
 51983 | Depths:1 | Found a runed translucent gate.
 51983 | Depths:1 | Found a runed translucent gate.
 51985 | Depths:1 | Noticed a dread lich
 51985 | Depths:1 | Noticed Taqapiomp's ghost (adept MiFi)
 52901 | Depths:2 | Received a gift from Okawaru
 52901 | Depths:2 | Found the +7 Kryia's mail coat {PotionHeal*2 rC+}
 53143 | Depths:2 | Noticed Jory
 53155 | Depths:2 | Killed Jory
 53397 | Depths:2 | Found a one-way gateway to a ziggurat.
 53751 | Depths:2 | Identified the ring "Vaoxzoll" {rC- rN+ Str+6 Int+7 Slay+5}
 54283 | Depths:3 | Noticed a juggernaut
 54293 | Depths:3 | Killed a juggernaut
 54360 | Depths:3 | Identified the +3 war axe "Xexaadan" {pain, Str+4}
 54618 | Depths:3 | Found a one-way gate to the infinite horrors of the Abyss.
 54733 | Depths:3 | Found a basalt altar of Yredelemnul.
 54914 | Depths:3 | Identified the +9 falchion of Midsummer {heavy, rCorr}
                  | (Okawaru gifted it to you on level 3 of the Depths)
 54914 | Depths:3 | Received a gift from Okawaru
 54932 | Depths:3 | Identified the +0 pair of gloves of Conscience {rPois rF++}
 54979 | Depths:3 | Identified the +0 kite shield of the Forgotten Tusks {Harm
                  | rF+}
 55019 | Depths:3 | Identified the staff of earth "Wioraraa" {Fly rElec Dex-4}
 55913 | Crypt:1  | Entered Level 1 of the Crypt
 55946 | Crypt:1  | Noticed Sojobo
 55954 | Crypt:1  | Killed Sojobo
 56509 | Crypt:1  | Identified the +0 hat "Ynticiec" {Contam +Blink Will+++
                  | Int-5} (Okawaru gifted it to you on level 1 of the Crypt)
 56509 | Crypt:1  | Received a gift from Okawaru
 56521 | Crypt:1  | Noticed Margery
 56545 | Crypt:1  | Reached XP level 24. HP: 220/244 MP: 23/24
 56560 | Crypt:1  | Killed Margery
 57653 | Crypt:3  | Entered Level 3 of the Crypt
 57945 | Crypt:3  | Found an ancient bone altar of Kikubaaqudgha.
 57979 | Crypt:3  | Noticed Bai Suzhen
 57997 | Crypt:3  | Killed Bai Suzhen
 58005 | Crypt:3  | Identified the +11 mace of Brawling {drain, rC++ Will+
                  | rCorr Stlth+} (Okawaru gifted it to you on level 3 of the
                  | Crypt)
 58005 | Crypt:3  | Received a gift from Okawaru
 58107 | Crypt:3  | Reached skill level 10 in Dodging
 58160 | Crypt:3  | Noticed an ancient lich
 58170 | Crypt:3  | Killed an ancient lich
 58189 | Crypt:3  | Found the +8 Vampire's Tooth {megavamp}
 58190 | Crypt:3  | Found the +7 lajatang of Order {silver, rMut}
 58199 | Crypt:3  | Identified the +6 chain mail of Analysis {rElec Int-4
                  | Slay+3}
 58279 | Crypt:3  | Identified the +4 spear "Patiomag" {speed, rCorr Dex+2}
 58349 | Crypt:3  | Reached skill level 1 in Staves
 58510 | Crypt:3  | Identified the +4 ring mail of the Sailor {rC- Will++}
 58515 | Crypt:3  | Identified the ring of Haazomae {rF++ rN+}
 58515 | Crypt:3  | Identified the ring of Serendipity {rC+ rN+ Int+3 Slay+3}
 58515 | Crypt:3  | Identified the ring of Afoyt {rPois rC- rN+ Int+3 Dex+2}
 58815 | Crypt:3  | Found a staircase to the Tomb.
 58844 | Crypt:3  | Received a gift from Okawaru
 58896 | Crypt:3  | Reached skill level 5 in Staves
 58937 | Crypt:3  | Noticed Boris
 58947 | Crypt:3  | Killed Boris
 60002 | Depths:4 | Entered Level 4 of the Depths
 60027 | Depths:4 | Reached skill level 27 in Fighting
 60453 | Depths:4 | Found a gate to the Realm of Zot.
 60969 | Zot:1    | Entered Level 1 of the Realm of Zot
 60981 | Depths:4 | Reached XP level 25. HP: 253/257 MP: 24/24
 61095 | Zot:1    | Noticed a shard shrike
 61100 | Zot:1    | Found a runed translucent door.
 61400 | Zot:1    | Received a gift from Okawaru
 61402 | Zot:1    | Reached skill level 27 in Long Blades
 61423 | Zot:1    | Noticed reasonance's ghost (legendary DsFi)
 61451 | Zot:1    | Noticed an orb of fire
 61453 | Zot:1    | Killed a shard shrike
 61458 | Zot:1    | Gained mutation: Potions are less effective at restoring
                  | your health. [an orb of fire]
 61559 | Zot:1    | Gained mutation: You are clumsy. (Dex -2) [an orb of fire]
 61565 | Zot:1    | Gained mutation: You sometimes lose your temper in combat.
                  | [an orb of fire]
 61567 | Zot:1    | Gained mutation: Your magical capacity is low. (-10% MP)
                  | [an orb of fire]
 61568 | Zot:1    | Gained mutation: You are very clumsy. (Dex -4) [an orb of
                  | fire]
 61574 | Zot:1    | Killed an orb of fire
 62404 | Zot:2    | Noticed an orb of fire
 62404 | Zot:2    | Gained mutation: You occasionally lose the ability to read
                  | scrolls when taking damage. [an orb of fire]
 62411 | Zot:2    | Gained mutation: You have an uncontrollable temper. [an orb
                  | of fire]
 62524 | Zot:2    | Gained mutation: You sometimes lose the ability to read
                  | scrolls when taking damage. [an orb of fire]
 62535 | Zot:2    | Gained mutation: Your magical capacity is very low. (-20%
                  | MP) [an orb of fire]
 62537 | Zot:2    | Killed an orb of fire
 62884 | Slime:1  | Entered Level 1 of the Pits of Slime
 63116 | D:12     | Lost mutation: You are very clumsy. (Dex -4) [a neqoxec]
 63136 | D:12     | Killed Giapacw's ghost
 63142 | D:12     | Identified the ring "Atubuz" {Fly rElec rF- Str+7 Int+6}
 63597 | Slime:3  | Identified the +10 war axe of Nyepp {vamp, Dex+4} (Okawaru
                  | gifted it to you on level 3 of the Pits of Slime)
 63597 | Slime:3  | Received a gift from Okawaru
 63735 | Slime:5  | Entered Level 5 of the Pits of Slime
 63874 | Slime:5  | Gained mutation: Your body sometimes deteriorates upon
                  | taking damage. [a shining eye]
 63875 | Slime:5  | Lost mutation: Potions are less effective at restoring your
                  | health. [a shining eye]
 64039 | Slime:5  | Paralysed by a floating eye for 3 turns
 64051 | Slime:5  | Found a viscous altar of Jiyva.
 64160 | Slime:5  | Noticed the Royal Jelly
 64179 | Slime:5  | Killed the Royal Jelly
 64194 | Slime:5  | HP: 7/257 [rockslime[the Royal Jelly] (24)]
 64543 | Slime:5  | Identified the +5 dagger of Wounding {flame, *Noise rPois
                  | rF+ SInv}
 64589 | Slime:5  | Identified the +3 sling "Pazijoc" {heavy, Will++ rCorr
                  | Str-5 SInv}
 64597 | Slime:5  | Got a slimy rune of Zot
 64640 | Slime:5  | Identified the +2 demon whip of the Unseen Realm {freeze,
                  | rN+ Str+3}
 64733 | Lair:5   | Lost mutation: You are clumsy. (Dex -2) [potion of
                  | mutation]
 64733 | Lair:5   | Lost mutation: Your body sometimes deteriorates upon taking
                  | damage. [potion of mutation]
 64733 | Lair:5   | Lost mutation: Your magical capacity is very low. (-20% MP)
                  | [potion of mutation]
 64733 | Lair:5   | Lost mutation: You sometimes lose the ability to read
                  | scrolls when taking damage. [potion of mutation]
 64733 | Lair:5   | Gained mutation: You are clumsy. (Dex -2) [potion of
                  | mutation]
 64734 | Lair:5   | Lost mutation: You occasionally lose the ability to read
                  | scrolls when taking damage. [potion of mutation]
 64734 | Lair:5   | Lost mutation: You are clumsy. (Dex -2) [potion of
                  | mutation]
 64734 | Lair:5   | Lost mutation: Your magical capacity is low. (-10% MP)
                  | [potion of mutation]
 64734 | Lair:5   | Gained mutation: You have large cloven feet. [potion of
                  | mutation]
 64734 | Lair:5   | Lost mutation: You have an uncontrollable temper. [potion
                  | of mutation]
 64734 | Lair:5   | Gained mutation: You are strong-willed. (Will+) [potion of
                  | mutation]
 64760 | Lair:5   | Lost mutation: You sometimes lose your temper in combat.
                  | [potion of mutation]
 64760 | Lair:5   | Lost mutation: You are strong-willed. (Will+) [potion of
                  | mutation]
 64760 | Lair:5   | Gained mutation: You are strong-willed. (Will+) [potion of
                  | mutation]
 64760 | Lair:5   | Gained mutation: Your muscles are strong. (Str +4, Int/Dex
                  | -1) [potion of mutation]
 64760 | Lair:5   | Gained mutation: You are somewhat resistant to further
                  | mutation. [potion of mutation]
 65670 | Zot:2    | Noticed an orb of fire
 65673 | Zot:2    | HP: 12/257 [orb of fire/fireball (55)]
 65679 | Zot:2    | HP: 2/257 [orb of fire/bolt of fire (31)]
 65937 | Zot:2    | Gained mutation: You are clumsy. (Dex -2) [an orb of fire]
 65942 | Zot:2    | Killed an orb of fire
 65958 | Zot:2    | Received a gift from Okawaru
 65958 | Zot:2    | Found the +8 autumn katana {manifold assault}
 66321 | Zot:2    | Reached skill level 27 in Armour
 66417 | Zot:2    | Reached skill level 5 in Invocations
 66435 | Zot:2    | Noticed a Killer Klown
 66653 | Zot:2    | Killed a Killer Klown
 66874 | Zot:2    | Identified the +5 scale mail of the Doldrums {Harm rPois
                  | Will- Slay+2} (Okawaru gifted it to you on level 2 of the
                  | Realm of Zot)
 66874 | Zot:2    | Received a gift from Okawaru
 67024 | Zot:3    | Reached XP level 26. HP: 240/266 MP: 27/27
 67716 | Zot:3    | You are sucked into a shaft and drop 1 floor!
 67889 | Zot:4    | Identified the +7 plate armour of the Fletcher {rC+ Will+
                  | Str+5}
 68054 | Zot:4    | Reached skill level 10 in Invocations
 68105 | Zot:4    | Identified the +6 falchion "Joqo Lub" {venom, rF+}
 68120 | Zot:4    | HP: 1/266 [quicksilver dragon/bolt of dispelling energy
                  | (29)]
 68122 | Zot:4    | Killed from afar by a quicksilver dragon

Illustrated notes

Levels and vault maps discovered:
D:1:      mushboom_english_gardens, layout_loops_cross,
          chequers_decorated_corner
D:2:      layout_rooms, basic_altar, uniq_crazy_yiuf_cottage
D:3:      layout_loops_ring, xom_redecorated, mainiacjoe_overflow_chevrons
D:4:      layout_rooms, mainiacjoe_overflow_brackets,
          grunt_dithmenos_smoke_and_mirrors, okawaru_metal_pillars_1_2,
          eino_tiny_chamber
D:5:      layout_gridville, kiku_gazebo_pond_becter
D:6:      layout_loops_ring, mainiacjoe_overflow_alcove_1,
          cheibrodos_worm_habitat, mainiacjoe_overflow_concentric_impassable,
          dreamdust_princess_corridor, nicolae_elevator_lobby_asterisk,
          uniq_blork_the_orc, uniq_sigmund, uniq_pikel
D:7:      layout_basic, kennysheep_mini, minmay_temple_entry_waves,
          enter_bailey_5
D:8:      layout_loops_ring, lemuel_round_altar, mainiacjoe_overflow_big_doors
D:9:      layout_basic, nemelex_altar_shiori, minmay_lair_entry_grove,
          minmay_mirror_moons_of_madness, uniq_erolcha, uniq_joseph
D:10:     layout_small_grid, ebering_ghost_funeral_grove, uniq_nergalle
D:11:     nzn_winding_woodlands_medium [nzn_winding_woodlands_hourglass,
          nzn_winding_woodlands_5x15_pockets,
          nzn_winding_woodlands_5x5_perimeter, nzn_winding_woodlands_5x5_three,
          nzn_winding_woodlands_center_pierced_h,
          nzn_winding_woodlands_5x5_default,
          nzn_winding_woodlands_5x5_open_star,
          nzn_winding_woodlands_5x15_concentric,
          nzn_winding_woodlands_5x5_cross], layout_basic, david_orc_2,
          serial_shops, shop, minmay_radiant, uniq_sonja
D:12:     layout_big_octagon, gammafunk_ghost_stat_death, serial_shops,
          nicolae_shop_peninsula, nicolae_trove_entry_crystal
D:13:     layout_irregular_city, david_vaults_4, uniq_azrael, uniq_urug
D:14:     layout_layer_cave, minmay_misc_feat_more_columns
D:15:     grunt_enter_depths_snipers, layout_layer_cave, minmay_misc_feat_room,
          lemuel_freeze_loot_1
Lair:1:   layout_cave_pods
Lair:2:   layout_small_grid, minmay_swamp_entry_worms,
          minmay_snake_entry_guardpost_small, basic_altar
Lair:3:   layout_regular_city
Lair:4:   layout_loops_ring, basic_altar
Lair:5:   minmay_lair_end_frog_pond, layout_regular_city,
          minmay_slime_entry_oklob_open, nzn_masters_of_martial_movement
Swamp:1:  layout_basic_swamp, evilmike_swamp_ruin_rubble_1, swamp_pool5
Swamp:2:  layout_basic_swamp, gammafunk_ghost_wrathful_warriors,
          nicolae_swamp_tree_isthmus, swamp_pool3, st_swamp_ruins_2, uniq_donald
Swamp:3:  nicolae_swamp_husk_halls, layout_basic_swamp,
          nicolae_swamp_very_dense_foliage, swamp_pool5
Swamp:4:  swamp_pestilence, layout_basic_swamp
Snake:1:  layout_basic, st_stairs_7
Snake:2:  layout_chambers, st_stairs_2
Snake:3:  layout_gridlike, serial_shops, freezing_bzr
Snake:4:  grunt_snake_rune_pools, layout_onion_interference, basic_altar
Slime:1:  layout_caves, cheibrodos_slime_lost_civilization_6
Slime:2:  layout_caves
Slime:3:  layout_caves
Slime:4:  cheibrodos_slime_lost_civilization_1, layout_caves
Slime:5
Orc:1:    layout_diamond_mine, serial_shops, minmay_orc_treasury, uniq_snorg
Orc:2:    st_orc_congregation, layout_caves, serial_shops, nicolae_shop_stone,
          uniq_josephine
Elf:1:    nicolae_elf_arrival_aired_out, layout_onion_city,
          kennysheep_underground_church, uniq_louise
Elf:2:    elven_hall_of_blades_hangedman_original
          [nicolae_blade_entry_sentries_behind_glass], layout_geoelf_grid,
          solitary_fountain, minmay_shop_grove
Elf:3:    elf_hall_gauntlet_wide, layout_geoelf_castle,
          gammafunk_ghost_cemetery, serial_shops, shop, st_stairs_7
Vaults:1: nicolae_vaults_double_plus_3, nicolae_vaults_little_squares_2,
          vaults_dpeg_ring, nicolae_vaults_mitosis, v_rooms_5, v_misc_15,
          dpeg_vaults_monster_box, nicolae_vaults_apartment_2,
          nicolae_vaults_two_Ls, nicolae_vaults_mini_display_case,
          layout_vaults_chaotic_city, uniq_aizul
Vaults:2: nicolae_vaults_network_square, ontoclasm_vaults_ring_large,
          vaults_dpeg_doors, minmay_crypt_entry_simple_walls,
          ontoclasm_vaults_ring_large, hangedman_vaults_restitches,
          nicolae_vaults_yaktaur_gun_rack, nicolae_vaults_closet_pinwheel_4,
          layout_vaults_omnibox, uniq_zenata
Vaults:3: nicolae_vaults_little_squares_2, nicolae_vaults_little_squares_5,
          v_misc_1, v_misc_33, ontoclasm_vaults_shuriken, vaults_dpeg_spiral,
          nicolae_vaults_sightless_eye, nicolae_vaults_you_can_take_it_with_you,
          nicolae_vaults_ring_of_whatevers, v_alt_pattern_4, vaults_mumra_hex,
          ontoclasm_vaults_chip, nicolae_vaults_shelves_hall,
          nicolae_vaults_trapezoid_layered, layout_vaults_ring
Vaults:4: v_pattern_4, v_alt_pattern_2, nicolae_vaults_tetromino_Z_1,
          hangedman_vaults_slice, nicolae_vaults_little_squares_2,
          nicolae_vaults_theta, nicolae_vaults_shipping_containers_7,
          nicolae_vaults_storage_closets_2, grunt_vaults_twisty,
          layout_vaults_quadrants, serial_shops,
          nicolae_shop_tiny_real_fake_doors, uniq_frederick
Vaults:5
Crypt:1:  layout_basic, uniq_margery, uniq_sojobo
Crypt:2:  layout_basic
Crypt:3:  church_of_pain_bobbens, layout_chaotic_city, uniq_josephina,
          uniq_bai_suzhen, uniq_boris
Depths:1: layout_cave_shapes, gammafunk_ghost_necromancy, serial_glass,
          glass_columns_c, glass_columns_a, glass_columns_b, glass_columns_a,
          pf_dread_powers_of_hell, pan_entry,
          eino_small_chamber_without_monster, st_stairs_5, minivault_16,
          nicolae_tso_carved_into_rock
Depths:2: due_jory_tower, layout_basic, enter_ziggurat_b, hell_entry,
          grunt_pan_entry_in_and_out
Depths:3: minmay_fractal_lines_corner, layout_twisted_cross, abyss_entry,
          hell_entry, yredelemnul_altar_generic, infiniplex_staircase_pool_1
Depths:4: grunt_crosshair, layout_honeycomb, nrook_mini_backslash,
          pf_hell_entry_tar_river
Zot:1:    layout_misc_corridors, ebering_ghost_inner_flame,
          hangedman_elemental_grid_stream
Zot:2:    layout_onion_interference, grunt_megastairs_3
Zot:3:    layout_cathedral_of_symmetry
Zot:4:    cheibrodos_zot_enchanting_chambers, layout_gridlike

Skill      XL: |  1  2  3  4  5  6  7  8  9 10 11 12 13 14 15 16 17 18 19 20 21 22 23 24 25 26 |
---------------+-------------------------------------------------------------------------------+-----
Shields        | 4 5 6 7 8 9 11 12 15 16 17 19 21 23 25 26 27 | 27.0
Fighting       | 4 5 7 8 9 10 12 13 15 17 18 19 20 21 22 24 25 27 | 27.0
Long Blades    | 3 4 5 7 9 11 12 14 16 17 18 19 20 21 22 24 25 26 27 | 27.0
Armour         | 4 5 6 8 10 12 14 15 16 17 18 19 20 21 23 27 | 27.0
Dodging        | 1 2 3 4 5 6 7 8 9 10 | 10.3
Stealth        | 1 2 |  2.8
Invocations    | 1 2 3 7 10 | 10.7
Evocations     | 1 |  1.4
Staves         | 8 |  8.7

Action                     |  1- 3 |  4- 6 |  7- 9 | 10-12 | 13-15 | 16-18 | 19-21 | 22-24 | 25-27 || total
---------------------------+-------+-------+-------+-------+-------+-------+-------+-------+-------++-------
  Melee: Long sword        |    96 |   125 |   107 |       |       |       |       |       |       ||   328
         Headbutt          |    16 |    20 |    48 |   168 |   299 |   341 |   431 |   470 |   277 ||  2070
         Falchion          |       |       |   139 |   382 |       |       |       |       |       ||   521
         Scimitar          |       |       |       |   301 |   869 |   105 |       |       |       ||  1275
         Double sword      |       |       |       |       |   251 |  1212 |  1432 |  1329 |   797 ||  5021
         Lajatang          |       |       |       |       |       |       |       |   176 |       ||   176
 Invoke: Heroism           |       |       |     5 |    15 |    10 |     9 |     3 |     4 |     6 ||    52
  Evoke: Wand              |       |       |       |     8 |       |     1 |       |       |       ||     9
    Use: Potion            |     5 |     1 |     2 |     4 |     4 |     7 |     4 |     2 |    14 ||    43
         Scroll            |       |     6 |     5 |    11 |     6 |    13 |     7 |     5 |    10 ||    63
   Stab: Distracted        |       |       |       |       |       |       |     1 |       |       ||     1
 Armour: Scale mail        |    45 |       |       |       |       |       |       |       |       ||    45
         Plate armour      |       |    78 |    96 |   246 |   507 |   492 |   666 |   139 |       ||  2224
         Chain mail        |       |       |       |       |    79 |   137 |       |   282 |       ||   498
         Crystal plate arm |       |       |       |       |       |       |       |   354 |   507 ||   861
  Dodge: Dodged            |    44 |    68 |   135 |   327 |   538 |   457 |   536 |   722 |   344 ||  3171
  Block: Buckler           |    18 |    31 |    67 |   174 |       |       |       |       |       ||   290
         Kite shield       |       |       |       |     7 |   930 |   884 |       |       |       ||  1821
         Tower shield      |       |       |       |       |       |   174 |  2434 |  2470 |  1308 ||  6386
